 Dungeon Crawl Stone Soup version 0.13-a0-2156-ga9a2eb8 (webtiles) character file.

1718 JacquesDerrida the Carver (level 8, -20/52 HPs)
             Began as a High Elf Gladiator on June 30, 2013.
             Was a Believer of Okawaru.
             Killed from afar by Egregious' ghost (40 damage)
             ... with a bolt of lightning
             ... on Level 7 of the Dungeon.
             The game lasted 00:19:56 (5366 turns).

JacquesDerrida the Carver (High Elf Gladiator)      Turns: 5366, Time: 00:19:56

HP -20/52        AC  5     Str 19      XL: 8   Next: 49%
MP  12/12        EV 16     Int 19      God: Okawaru [**....]
Gold 248         SH  0     Dex 16      Spells:  0 memorised,  7 levels left

Res.Fire  : . . .   See Invis. : .   d - -1,+1 orc long sword
Res.Cold  : . . .   Warding    : .   b - +0 elf leather armour
Life Prot.: . . .   Conserve   : .   (no shield)
Res.Poison: .       Res.Corr.  : .   c - +0 helmet
Res.Elec. : .       Clarity    : .   J - +0 elf cloak (curse)
Sust.Abil.: . .     Spirit.Shd : .   (no gloves)
Res.Mut.  : .       Stasis     : .   (no boots)
Res.Rott. : .       Flight     : +   p - amulet of faith
Saprovore : . . .                    o - +3 ring of evasion
                                     g - ring of regeneration

@: mighty, brilliant, flying (expiring), somewhat resistant to hostile
enchantments, fairly stealthy
A: no striking features
a: Heroism, Renounce Religion


You were on level 7 of the Dungeon.
You worshipped Okawaru.
Okawaru was most pleased with you.
You were not hungry.

You visited 2 branches of the dungeon, and saw 8 of its levels.

You collected 228 gold pieces.

Inventory:

Hand weapons
 a - a +0,+0 elven falchion
 d - a -1,+1 orcish long sword (weapon)
 z - a +1,+0 elven falchion
 E - a +1,+2 elven vampiric spear
Missiles
 t - 6 darts of dispersal (quivered)
 u - 13 steel darts
 G - 10 poisoned needles
 I - a throwing net [torn]
Armour
 b - a +0 elven leather armour (worn)
 c - a +0 helmet (worn)
 J - a cursed +0 elven cloak (worn)
Magical devices
 n - a wand of polymorph (6)
 H - a wand of confusion (16) {unknown}
Comestibles
 f - 3 bread rations
Scrolls
 h - 3 scrolls of teleportation
 i - a scroll of blinking
 j - 4 scrolls of remove curse {unknown}
 k - a scroll of random uselessness
 w - a scroll of fear
 D - a scroll of identify {unknown}
Jewellery
 g - a ring of regeneration (left hand)
 o - a +3 ring of evasion (right hand)
 p - an amulet of faith (around neck)
Potions
 e - 2 potions of curing
 q - a potion of speed {unknown}
 s - 2 potions of flight
 x - a potion of poison
 C - a potion of brilliance
Books
 m - a book of Dreams

   Spells                             Type                      Level
   Ensorcelled Hibernation            Hexes/Ice                    2
   Flight                             Charms/Air                   3
   Phase Shift                        Translocation                5
   Shadow Creatures                   Summoning                    5
   Mass Confusion                     Hexes                        6
   Darkness                           Hexes                        7


   Skills:
 - Level 2.0 Fighting
 + Level 12.2 Long Blades
 - Level 2.1 Throwing
 - Level 3.2 Dodging


You had 7 spell levels left.
You didn't know any spells.

Dungeon Overview and Level Annotations

Branches:
Dungeon (7/27)             Temple (1/1) D:5
    Orc: D:6-11

Altars:
Ashenzari
Cheibriados
Elyvilon
Kikubaaqudgha
Makhleb
Nemelex Xobeh
Okawaru
Sif Muna
Trog
Vehumet
Xom
Yredelemnul
Zin
the Shining One

Shops:
D:5: *

Annotations
D:7 Egregious' ghost, experienced TeAE


Message History

You feel better.
Drink which item? (? for menu, Esc to quit)
You feel much better.
It was a potion of heal wounds.
Drink which item? (? for menu, Esc to quit)
You feel very mighty all of a sudden.
It was a potion of might.
You fly downwards.
Level annotation: Egregious' ghost, experienced TeAE The sheep bellows!
The sheep bites you but does no damage. Egregious' ghost casts a spell at you.
The bolt of lightning hits you!
Ouch! That really hurt!
The sheep completely misses you.
There is a stone staircase leading up here.
You are starting to lose your buoyancy.
Egregious' ghost casts a spell at you. The bolt of lightning hits you!
Ouch! That really hurt!
You die...

......###.............##
...(...#.......p.......#.
.ยง.......................
.........................
.....p....................
#.#.......................
.#........................
.##.#....#.......Y#......#
# ###..(###....<@.#......
##...#....####.......
#..##.#..<# .#.##..
########### ## #


You could see a sheep and Egregious' ghost.

Vanquished Creatures
  A giant firefly (D:6)
  An orc warrior (D:6)
  A sky beast (D:6)
  2 phantoms
  An ogre (D:5)
  A centaur (D:6)
  A big kobold (D:6)
  A giant frog (D:6)
  A giant frog zombie (D:5)
  A crimson imp (D:5)
  An ogre skeleton (D:4)
  A scorpion (D:6)
  2 worker ants
  An iguana (D:6)
  A steam dragon skeleton (D:3)
  10 adders
  6 gnolls (D:6)
  A giant mite (D:5)
  2 worms
  A giant eyeball (D:5)
  A giant gecko (D:4)
  A gnoll zombie (D:6)
  6 orcs
  3 ball pythons
  9 giant cockroaches
  5 goblins
  6 hobgoblins
  3 jackals (D:5)
  13 kobolds
  2 quokkas
  11 bats
  A giant gecko zombie (D:6)
  6 giant newts
  A giant newt skeleton (D:4)
  A kobold skeleton (D:5)
  10 rats
  3 ballistomycetes (D:7)
119 creatures vanquished.

Vanquished Creatures (others)
  An orc (D:6)
  A giant spore (D:7)
  A kobold (D:1)
3 creatures vanquished.

Grand Total: 122 creatures vanquished

Notes
Turn   | Place    | Note
--------------------------------------------------------------
     0 | D:1      | JacquesDerrida, the High Elf Gladiator, began the quest for the Orb.
     0 | D:1      | Reached XP level 1. HP: 15/15 MP: 1/1
   221 | D:1      | Reached skill level 4 in Long Blades
   322 | D:1      | Reached XP level 2. HP: 20/20 MP: 2/2
   787 | D:2      | Reached skill level 5 in Long Blades
   894 | D:2      | Reached XP level 3. HP: 25/25 MP: 4/4
  1101 | D:2      | Reached XP level 4. HP: 21/31 MP: 6/6
  1308 | D:2      | Reached skill level 6 in Long Blades
  2229 | D:4      | Found a white marble altar of Elyvilon.
  2280 | D:4      | Reached skill level 7 in Long Blades
  2280 | D:4      | Reached XP level 5. HP: 25/36 MP: 7/7
  2511 | D:4      | Noticed a phantom
  2543 | D:4      | Killed a phantom
  2543 | D:4      | Reached skill level 8 in Long Blades
  2786 | D:4      | Reached XP level 6. HP: 27/41 MP: 9/9
  2974 | D:5      | Entered Level 5 of the Dungeon
  2977 | D:5      | Found Juonuor's Assorted Antiques.
  3169 | D:5      | Reached skill level 9 in Long Blades
  3379 | D:5      | Paralysed by a giant eyeball for 3 turns
  3386 | D:5      | Paralysed by a giant eyeball for 3 turns
  3396 | D:5      | Found a deep blue altar of Sif Muna.
  3605 | D:5      | Found a staircase to the Ecumenical Temple.
  3616 | Temple   | Entered the Ecumenical Temple
  3864 | Temple   | Became a worshipper of Warmaster Okawaru
  3924 | D:5      | Reached XP level 7. HP: 40/45 MP: 11/11
  4021 | D:6      | Reached skill level 10 in Long Blades
  4088 | D:6      | Found a sparkling altar of Nemelex Xobeh.
  4202 | D:6      | Noticed a giant firefly
  4202 | D:6      | a black bear changed into a giant firefly
  4227 | D:6      | Killed a giant firefly
  4227 | D:6      | Acquired Okawaru's first power
  4554 | D:6      | Reached skill level 11 in Long Blades
  4679 | D:7      | Reached XP level 8. HP: 41/52 MP: 12/12
  4727 | D:7      | Noticed Egregious' ghost (experienced TeAE)
  5107 | D:6      | Reached skill level 12 in Long Blades
  5366 | D:7      | Killed from afar by Egregious' ghost

Action                   |  1- 3 |  4- 6 |  7- 9 || total
-------------------------+-------+-------+-------++-------
Melee: Falchion          |    99 |   278 |   248 ||   625
Throw: Dart              |       |    25 |     6 ||    31
       Throwing net      |       |     1 |     7 ||     8
Invok: Heroism           |       |       |     1 ||     1
Evoke: Wand              |       |       |     4 ||     4
  Use: Scroll            |       |       |     9 ||     9
       Potion            |       |       |     7 ||     7
 Stab: Held in net/web   |       |     1 |     4 ||     5
